 Dungeon Crawl Stone Soup version 0.28-a0-1087-gf3fc490d9d (webtiles) character file.

Game seed: 4704125388378233673

77 bearlyready the Vexing (level 4, -3/34 HPs)
             Began as a Gnoll Arcane Marksman on Dec 10, 2021.
             Killed by divine providence
             ... invoked by an orc priest
              (10 damage)
             ... on level 3 of the Dungeon.
             The game lasted 00:03:54 (3241 turns).

bearlyready the Vexing (Gnoll Arcane Marksman)      Turns: 3241, Time: 00:03:55

Health: -3/34      AC:  5    Str:  9    XL:     4   Next: 33%
Magic:  8/8        EV: 11    Int: 12    God:
Gold:   99         SH:  0    Dex: 15    Spells: 8/9 levels left

rFire   . . .      SeeInvis .   b - +0 short sword
rCold   . . .      Faith    .   (no shield)
rNeg    . . .      Spirit   .   f - +0 ring mail
rPois   .          Reflect  .   (no helmet)
rElec   .          Harm     .   (no cloak)
rCorr   .          Rampage  .   (no gloves)
Will    .....                   (no boots)
Stlth   +.........              (no amulet)
HPRegen 0.11/turn               (no ring)
MPRegen 0.11/turn               (no ring)

@: no status effects
A: fangs 1, strong nose, distributed training
a: no special abilities


You were on level 3 of the Dungeon.
You visited 1 branch of the dungeon, and saw 3 of its levels.

You collected 99 gold pieces.

Inventory:

Hand Weapons
 a - a +0 hunting sling
 b - a +0 short sword (weapon)
Missiles
 c - 43 sling bullets
 e - 89 stones
 g - 30 poisoned darts (quivered)
 h - 43 bolts
Armour
 d - a +0 robe
 f - a +0 ring mail (worn)
Magical Staves
 m - a staff of earth
Scrolls
 j - a scroll of teleportation {unknown}
 k - a scroll of immolation {unknown}
 l - a scroll of brand weapon {unknown}
 n - a scroll of torment {unknown}
 o - a scroll of magic mapping {unknown}
 p - a scroll of identify {unknown}
Potions
 i - a potion of might {unknown}


   Skills:
 + Level 2.7 Fighting
 + Level 1.1 Short Blades
 + Level 1.1 Long Blades
 + Level 1.1 Axes
 + Level 1.1 Maces & Flails
 + Level 1.1 Polearms
 + Level 1.1 Staves
 + Level 4.6 Slings
 + Level 1.1 Bows
 + Level 1.1 Crossbows
 + Level 1.1 Throwing
 + Level 1.1 Armour
 + Level 4.6 Dodging
 + Level 1.1 Stealth
 + Level 1.1 Shields
 + Level 1.1 Unarmed Combat
 + Level 3.0 Spellcasting
 + Level 0.8 Conjurations
 + Level 5.4 Hexes
 + Level 0.8 Summonings
 + Level 0.8 Necromancy
 + Level 0.8 Translocations
 + Level 0.8 Transmutations
 + Level 0.8 Fire Magic
 + Level 0.8 Ice Magic
 + Level 0.8 Air Magic
 + Level 0.8 Earth Magic
 + Level 0.8 Poison Magic
 + Level 1.2 Invocations
 + Level 1.1 Evocations


You had 8 spell levels left.
You knew the following spells:

 Your Spells              Type           Power      Damage    Failure   Level
a - Slow                  Hex            56%        N/A       8%          1

Your spell library contained the following spells:

 Spells                   Type           Power      Damage    Failure   Level
 Confusing Touch          Hex            14%        N/A       22%         3
 Inner Flame              Hex/Fire       9%         N/A       50%         3
 Portal Projectile        Hex/Tloc       18%        N/A       50%         3
 Cause Fear               Hex            7%         N/A       58%         4
 Vampiric Draining        Necr           3%         2d6       82%         3


Dungeon Overview and Level Annotations

Branches:
Dungeon (3/15)

Altars:
Wu Jian

Shops:
D:2 (


Innate Abilities, Weirdness & Mutations

You have very sharp teeth.
Your uncanny sense of smell can sniff out nearby items.
Your experience applies equally to all skills.


Message History

You hit the orc priest but do no damage.
You bite the orc priest, but do no damage.
The orc priest is severely wounded.
The orc priest casts a cantrip, but nothing happens.
The orc misses you.
You barely miss the orc priest.
The orc priest is severely wounded.
The orc priest mumbles some strange prayers to Beogh against you.
Pain shoots through your body! The orc hits you with a +0 flail.
Throw: 34 darts (poison)
Press: ? - help, Q - select action, (/) - cycle Shift-Dir - straight line, f - orc priest, p - orc
Aim: an orc priest, wielding a +0 dagger (severely wounded, poisoned, 59% to hit)
You throw a poisoned dart. The poisoned dart hits the orc priest.
The orc priest is severely wounded.
The orc hits you with a +0 flail. The orc priest barely misses you.
Throw: 33 darts (poison)
Press: ? - help, Q - select action, (/) - cycle Shift-Dir - straight line, f/p - orc priest
Aim: an orc priest, wielding a +0 dagger (severely wounded, poisoned, 59% to hit)
You throw a poisoned dart. The poisoned dart hits the orc priest.
The orc priest is severely wounded.
The orc priest barely misses you. The orc barely misses you.
Found a stone staircase leading down.
The orc priest looks more healthy.
Throw: 32 darts (poison)
Press: ? - help, Q - select action, (/) - cycle Shift-Dir - straight line, f/p - orc priest
Aim: an orc priest, wielding a +0 dagger (almost dead, 59% to hit)
You throw a poisoned dart. The poisoned dart hits the orc.
The orc priest mumbles some strange prayers to Beogh against you.
Beogh smites you!
* * * LOW HITPOINT WARNING * * *
Throw: 31 darts (poison)
Press: ? - help, Q - select action, (/) - cycle Shift-Dir - straight line, f/p - orc priest
Aim: an orc priest, wielding a +0 dagger (almost dead, 59% to hit)
You throw a poisoned dart.
The poisoned dart barely misses the orc.
The poisoned dart hits the orc priest.
The orc priest is almost dead.
The orc priest miscasts a cantrip.
The orc priest mumbles some strange prayers to Beogh against you.
Beogh smites you!
You die... #.....# #.. .(. #...... #.## #.# ###.... #>.. .(# #.... #.##.#o# #.... #.##.#o#######.... #.. oo∆

...#.... #.# #(#
#.#.... #@####.#
#...... #..oooo#
####.##
#####(.########.##
##.#.........#
#...#..####..
#..##)##..##.
#..#..#[...#.
#..#...)# .
#..##..## .


You could see an orc priest, an orc wizard and 2 orcs.

Vanquished Creatures
  An adder (D:2)
  A worm (D:2)
  An orc (D:3)
  5 endoplasms
  3 giant cockroaches
  8 goblins
  2 hobgoblins (D:2)
  3 jackals
  8 kobolds
  2 quokkas (D:3)
  6 ball pythons
  11 bats
  6 frilled lizards
  A rat (D:2)
58 creatures vanquished.

Notes
Turn   | Place    | Note
-------+----------+-------------------------------------------
     0 | D:1      | bearlyready the Gnoll Arcane Marksman began the quest for
                  | the Orb.
     0 | D:1      | Reached XP level 1. HP: 17/17 MP: 4/4
   211 | D:1      | Reached XP level 2. HP: 21/23 MP: 5/5
   650 | D:1      | Reached XP level 3. HP: 15/28 MP: 7/7
   787 | D:1      | Found a faded altar of an unknown god.
  1591 | D:2      | Found an ornate altar of the Wu Jian Council.
  1610 | D:2      | Found Lemerph's Weapon Shoppe.
  1636 | D:2      | Reached skill level 1 in Invocations
  1896 | D:2      | Reached skill level 1 in Short Blades
  1896 | D:2      | Reached skill level 1 in Long Blades
  1896 | D:2      | Reached skill level 1 in Axes
  1896 | D:2      | Reached skill level 1 in Maces & Flails
  1896 | D:2      | Reached skill level 1 in Polearms
  1896 | D:2      | Reached skill level 1 in Staves
  1896 | D:2      | Reached skill level 1 in Bows
  1896 | D:2      | Reached skill level 1 in Crossbows
  1896 | D:2      | Reached skill level 1 in Throwing
  1896 | D:2      | Reached skill level 1 in Armour
  1896 | D:2      | Reached skill level 1 in Stealth
  1896 | D:2      | Reached skill level 1 in Shields
  1896 | D:2      | Reached skill level 1 in Unarmed Combat
  1896 | D:2      | Reached skill level 1 in Evocations
  2225 | D:2      | Reached XP level 4. HP: 34/34 MP: 8/8
  3241 | D:3      | Killed from afar by an orc priest

Illustrated notes

Levels and vault maps discovered:
D:1:      wander_arrival_abandoned_jail, layout_loops_ring,
          shapermc_ecumenical_altar_venn
D:2:      minmay_inner_zag, layout_loops_ring, basic_altar, serial_shops,
          nicolae_shop_advertising_works [nicolae_subvault_shop_adworks]
D:3:      layout_loops_cross, minmay_close_crescents

Skill      XL: |  1  2  3  4 |
---------------+-------------+-----
Invocations    | 1 |  1.2
Short Blades   | 1 |  1.1
Long Blades    | 1 |  1.1
Axes           | 1 |  1.1
Maces & Flails | 1 |  1.1
Polearms       | 1 |  1.1
Staves         | 1 |  1.1
Bows           | 1 |  1.1
Crossbows      | 1 |  1.1
Throwing       | 1 |  1.1
Armour         | 1 |  1.1
Stealth        | 1 |  1.1
Shields        | 1 |  1.1
Unarmed Combat | 1 |  1.1
Evocations     | 1 |  1.1
Spellcasting   | 3 |  3.0
Fighting       | |  2.7
Slings         | |  4.6
Dodging        | |  4.6
Conjurations   | |  0.8
Hexes          | |  5.4
Summonings     | |  0.8
Necromancy     | |  0.8
Translocations | |  0.8
Transmutations | |  0.8
Fire Magic     | |  0.8
Ice Magic      | |  0.8
Air Magic      | |  0.8
Earth Magic    | |  0.8
Poison Magic   | |  0.8

Action                   |  1- 3 |  4- 6 || total
-------------------------+-------+-------++-------
Melee: Short sword       |   165 |    78 ||   243
       Bite              |     8 |     9 ||    17
 Fire: Hunting sling     |    12 |       ||    12
Throw: Dart              |    12 |    16 ||    28
       Stone             |     1 |       ||     1
 Cast: Slow              |     3 |       ||     3
Armor: Ring mail         |    76 |    34 ||   110
       Robe              |     2 |       ||     2
Dodge: Dodged            |   126 |    47 ||   173

Table legend: (Time is in decaauts)
 A = Elapsed time spent in this place.
 B = Non-inter-level travel time spent in this place.
 C = Inter-level travel time spent in this place.
 D = Time resting spent in this place.
 E = Time spent auto-exploring this place.
 F = Levels seen in this place.
 G = Mean time per level.
                   A        B        C        D        E       F      G
               +--------+--------+--------+--------+--------+-----+--------+
         Total |   3254 |   3140 |    114 |      0 |   2576 |   3 | 1084.7 |
       Dungeon |   3254 |   3140 |    114 |      0 |   2576 |   3 | 1084.7 |
               +--------+--------+--------+--------+--------+-----+--------+

Top non-repeatable levels by time:
     D:1: 1598 daAuts
     D:2: 1396 daAuts
     D:3: 259 daAuts
